 Dungeon Crawl Stone Soup version 0.28.0-53-g5a82cb258f (webtiles) character file.

Game seed: 15926266059870413227

5 Zeld the Firebug (level 1, -3/15 (16) HPs)
             Began as an Ogre Fire Elementalist on June 6, 2022.
             Slain by a necrophage (4 damage)
             ... on level 4 of the Dungeon.
             The game lasted 00:00:55 (914 turns).

Zeld the Firebug (Ogre Fire Elementalist)            Turns: 914, Time: 00:00:56

HP:   -3/15 (16)    AC:  3    Str: 11    XL:     1   Next: 80%
MP:   0/4           EV:  9    Int: 16    God:
Gold: 20            SH:  0    Dex:  9    Spells: 4/5 levels left

rFire   . . .      SeeInvis .   (no weapon)
rCold   . . .      Faith    .   (no shield)
rNeg    . . .      Spirit   .   a - +0 robe
rPois   .          Reflect  .   (helmet restricted)
rElec   .          Harm     .   (no cloak)
rCorr   .          Rampage  .   (gloves unavailable)
Will    .....                   (boots unavailable)
Stlth   +.........              (no amulet)
HPRegen 0.05/turn               (no ring)
MPRegen 0.09/turn               (no ring)

@: very slightly contaminated, drained
A: large, unfitting armour, tough skin 1
a: no special abilities


You were on level 4 of the Dungeon.
You visited 1 branch of the dungeon, and saw 4 of its levels.

You collected 20 gold pieces.

Inventory:

Armour
 a - a +0 robe (worn)
Jewellery
 c - a +6 ring of strength
Potions
 b - a potion of brilliance {unknown}


   Skills:
 - Level 1.7 Dodging
 - Level 1.4 Stealth
 * Level 2.6 Spellcasting
 + Level 1.0 Conjurations
 * Level 2.8 Fire Magic


You had 4 spell levels left.
You knew the following spells:

 Your Spells              Type           Power      Damage    Failure   Level
a - Foxfire               Conj/Fire      32%        2x1d5     9%          1

Your spell library contained the following spells:

 Spells                   Type           Power      Damage    Failure   Level
 Scorch                   Fire           22%        2d6       9%          2
 Conjure Flame            Conj/Fire      8%         6-21      26%         3
 Inner Flame              Hex/Fire       6%         N/A       32%         3
 Flame Wave               Conj/Fire      8%         2d5       65%         4


Dungeon Overview and Level Annotations

Branches:
Dungeon (4/15)
 Temple: D:4-7

Altars:


Innate Abilities, Weirdness & Mutations

You are too large for most types of armour.
You have tough skin. (AC +1)


Message History

The necrophage is heavily damaged.
The necrophage completely misses you.
Casting: Foxfire (safe; 9% risk of failure)
Confirm with . or Enter, or press ? or * to list all spells.
You don't have enough magic to cast this spell.
Unknown command.
You hit the necrophage but do no damage.
The necrophage is heavily damaged.
The foxfire hits the necrophage.
The necrophage is severely damaged.
The foxfire hits the necrophage.
The necrophage is severely damaged.
The necrophage hits you.
You closely miss the necrophage.
The necrophage is severely damaged.
The necrophage barely misses you.
You completely miss the necrophage.
The necrophage is severely damaged.
The necrophage hits you.
Unknown command.
You barely miss the necrophage.
The necrophage is severely damaged.
The necrophage hits you.
You feel drained.
You hit the necrophage.
The necrophage is almost destroyed.
The necrophage closely misses you.
Your magical contamination has completely faded away.
You barely miss the necrophage.
The necrophage is almost destroyed.
The necrophage hits you.
* * * LOW HITPOINT WARNING * * *
You hit the necrophage.
The necrophage is almost destroyed.
The necrophage hits you but does no damage.
Casting: Foxfire (safe; 9% risk of failure)
Confirm with . or Enter, or press ? or * to list all spells.
You miscast Foxfire.
You are very lightly contaminated with residual magic.
Nothing appears to happen.
The necrophage hits you.
You die...

#####...##...##
##..##...######
#.............
#.............
#....#########
######.###
##...##+#
#.......#
#...@...+...
#...n.........
##......#.....
#......##..P.
#........###♣♣
#........#
#........+
........##
####.....#


You could see a necrophage.

Vanquished Creatures
  A hobgoblin (D:3)
  2 jackals
  A bat (D:3)
  A kobold (D:4)
5 creatures vanquished.

Vanquished Creatures (others)
  A rat (D:1)
  26 foxfires
27 creatures vanquished.

Grand Total: 32 creatures vanquished

Notes
Turn   | Place    | Note
-------+----------+-------------------------------------------
     0 | D:1      | Zeld the Ogre Fire Elementalist began the quest for the
                  | Orb.
     0 | D:1      | Reached XP level 1. HP: 16/16 MP: 3/3
   343 | D:3      | Reached skill level 1 in Conjurations
   689 | D:3      | Noticed a wyvern zombie
   878 | D:4      | Noticed an ogre
   899 | D:4      | Noticed a necrophage
   914 | D:4      | Slain by a necrophage

Illustrated notes

Levels and vault maps discovered:
D:1:      sevenhm_arrival_forest_fort_small_6, layout_rooms,
          ebering_ecumenical_altar_abandoned, lemuel_flame_loot_1
D:2:      layout_rooms, serial_shops, shop
D:3:      layout_loops_corners, serial_shops, nicolae_shop_hallway_stairs,
          roderic_roman_lattice, nicolae_underground_beach
D:4:      layout_gridville, nicolae_gozag_cash_rules_everything_around_me,
          serial_shops, nicolae_take_the_stairs, hangedman_decor_push,
          uniq_crazy_yiuf_cottage

Skill      XL: |  1 |
---------------+----+-----
Conjurations   | 1 |  1.0
Dodging        | |  1.7
Stealth        | |  1.4
Spellcasting   | |  2.6
Fire Magic     | |  2.8

Action                   || total
-------------------------++-------
Melee: Unarmed           ||    13
 Cast: Foxfire           ||    17
Armor: Robe              ||     9
Dodge: Dodged            ||    23
